 Dungeon Crawl Stone Soup version 0.27-a0-385-g3208abaabc (webtiles) character file.

Game seed: 4787031165053882040

39 gimp the Conjurer (level 3, -4/26 HPs)
             Began as a Demigod Conjurer on Feb 19, 2021.
             Slain by Crazy Yiuf
             ... wielding a +4 quarterstaff of chaos
              (14 damage)
             ... on level 2 of the Dungeon.
             The game lasted 00:02:15 (1988 turns).

gimp the Conjurer (Demigod Conjurer)                Turns: 1988, Time: 00:02:15

Health: -4/26      AC:  2    Str:  8    XL:     3   Next: 13%
Magic:  5/8        EV: 12    Int: 24    God:
Gold:   86         SH:  5    Dex: 12    Spells: 3/6 levels left

rFire    . . .     SeeInvis .   b - +4 hand axe
rCold    . . .     Faith    .   (no shield)
rNeg     . . .     Spirit   .   a - +0 robe
rPois    .         Reflect  +   (no helmet)
rElec    .         Harm     .   (no cloak)
rCorr    .         Rampage  .   (no gloves)
Will     .....                  (no boots)
Stlth    ++........             h - amulet of reflection
HPRegen  0.08/turn              (no ring)
MPRegen  0.11/turn              (no ring)

@: no status effects
A: high mp 1
a: no special abilities


You were on level 2 of the Dungeon.
You visited 1 branch of the dungeon, and saw 2 of its levels.

You collected 86 gold pieces.

Inventory:

Hand Weapons
 b - a +4 hand axe (weapon)
Armour
 a - a +0 robe (worn)
Jewellery
 h - an amulet of reflection (around neck)
Scrolls
 c - 2 scrolls of random uselessness {unknown}
 d - a scroll of enchant weapon {unknown}
 f - 2 scrolls of immolation {unknown}
 i - 2 scrolls of amnesia {unknown}
 m - a scroll of identify {unknown}
 n - a scroll of fear {unknown}
 o - a scroll of teleportation {unknown}
Potions
 e - 2 potions of cancellation {unknown}
 g - 2 potions of resistance
 j - a potion of haste {unknown}
 k - a potion of brilliance {unknown}
 l - 2 potions of curing {unknown}


   Skills:
 + Level 1.1 Axes
 - Level 1.7 Dodging
 - Level 1.7 Stealth
 + Level 2.1 Spellcasting
 * Level 4.2 Conjurations


You had 3 spell levels left.
You knew the following spells:

 Your Spells              Type           Power        Failure   Level
a - Magic Dart            Conj           88%          1%          1
b - Searing Ray           Conj           44%          3%          2

Your spell library contained the following spells:

 Spells                   Type           Power        Failure   Level
 Dazzling Flash           Conj/Hex       24%          16%         3
 Fulminant Prism          Conj/Hex       6%           45%         4
 Iskenderun's Mystic Bla  Conj/Tloc      12%          45%         4


Dungeon Overview and Level Annotations

Branches:
Dungeon (2/15)

Annotations:
D:2 Crazy Yiuf


Innate Abilities, Weirdness & Mutations

You have an increased reservoir of magic. (+10% MP)


Message History

There is a stone staircase leading up here.
o - a scroll labelled KARHIRROLEN MP restored: 8 You now have 78 gold pieces (gained 5).
Things that are here:
5 stones; a kobold corpse
Found a mace.
Crazy Yiuf shouts!
You now have 86 gold pieces (gained 8).
A bat comes into view.
The magic dart hits the bat.
The bat is severely wounded.
The bat hits you but does no damage. The bat misses you.
You now have 7/8 mp.
The magic dart hits the bat.
You kill the bat!
You now have 6/8 mp.
Crazy Yiuf shouts!
Crazy Yiuf flaps his cloak.
Crazy Yiuf whimpers, "Proton light head!"
MP restored: 8 Could not explore, unopened runed door.
You open the door.
Casting: Magic Dart (safe; 1% risk of failure)
Confirm with . or Enter, or press ? or * to list all spells.
Aiming: Searing Ray (safe; 3% risk of failure)
Press: ? - help, Shift-Dir - straight line, f - Crazy Yiuf
Aim: Crazy Yiuf, wielding a +4 quarterstaff of chaos and wearing a +0 cloak (19% to evade)
The searing ray hits Crazy Yiuf!
Crazy Yiuf is heavily wounded. (Press . to maintain the ray.) Crazy Yiuf barely misses you.
You now have 6/8 mp.
The searing ray hits Crazy Yiuf.
Crazy Yiuf is severely wounded.
Crazy Yiuf hits you with a +4 quarterstaff of chaos!
Ouch! That really hurt!
You are electrocuted!
Ouch! That really hurt!
You die...

#.# #.#.# #.##########
### ##### #.# #.#####
##### #.....# #..)#
#####.###### ############
#...# #.....).
#..........# ... ########
#.########## #g# #.# ♣♣@♣
#.# ♣.♣♣ #.# ###### ♣♣.♣
#.#####....# ♣.♣♣ ###
#.......#### ♣♣.♣♣
#.######## ..........#
♣...♣♣ #.##.....#
#..######.# ♣...P♣
#.##.....# #..# #.#
#....# #........# #..#
#.#####..#####.##.....###


You could see Crazy Yiuf.

Vanquished Creatures
  An adder (D:2)
  A leopard gecko (D:2)
  2 giant cockroaches
  7 goblins
  3 hobgoblins
  5 bats
  2 frilled lizards (D:1)
  6 kobolds
  A rat (D:1)
28 creatures vanquished.

Notes
Turn   | Place    | Note
-------+----------+-------------------------------------------
     0 | D:1      | gimp the Demigod Conjurer began the quest for the Orb.
     0 | D:1      | Reached XP level 1. HP: 14/14 MP: 5/5
   536 | D:1      | Reached XP level 2. HP: 20/20 MP: 5/7
  1297 | D:2      | Reached skill level 4 in Conjurations
  1495 | D:2      | Reached skill level 1 in Axes
  1614 | D:2      | Learned a level 2 spell: Searing Ray
  1634 | D:2      | Reached XP level 3. HP: 19/26 MP: 3/8
  1889 | D:2      | Found a runed translucent door.
  1890 | D:2      | Noticed Crazy Yiuf
  1988 | D:2      | Slain by Crazy Yiuf

Illustrated notes

Levels and vault maps discovered:
D:1:      lemuel_arrival_broad_hall, layout_basic,
          chequers_serial_rivers_large_a, minmay_misc_feat_alley
D:2:      layout_loops_ring, kennysheep_nondescript, uniq_crazy_yiuf_cottage

Skill      XL: |  1  2 |
---------------+-------+-----
Spellcasting   | 2 |  2.1
Conjurations   | 4 |  4.2
Axes           | 1 |  1.1
Dodging        | |  1.7
Stealth        | |  1.7

Action                   || total
-------------------------++-------
Melee: Hand axe          ||     6
 Cast: Magic Dart        ||    40
       Searing Ray       ||     2
Armor: Robe              ||     2
Dodge: Dodged            ||     8

Table legend: (Time is in decaauts)
 A = Elapsed time spent in this place.
 B = Non-inter-level travel time spent in this place.
 C = Inter-level travel time spent in this place.
 D = Time resting spent in this place.
 E = Time spent auto-exploring this place.
 F = Levels seen in this place.
 G = Mean time per level.
                   A        B        C        D        E       F      G
               +--------+--------+--------+--------+--------+-----+--------+
         Total |   2002 |   1929 |     73 |      0 |   1795 |   2 | 1001.0 |
       Dungeon |   2002 |   1929 |     73 |      0 |   1795 |   2 | 1001.0 |
               +--------+--------+--------+--------+--------+-----+--------+

Top non-repeatable levels by time:
     D:2: 1012 daAuts
     D:1: 989 daAuts
